 Dungeon Crawl Stone Soup version 0.27.1-4-g1640c2035a (webtiles) character file.

Game seed: 9361158717718605610

96 AarnesTheHuman the Skirmisher (level 4, -2/29 HPs)
             Began as a Gargoyle Fighter on Nov 3, 2021.
             Slain by an orc (5 damage)
             ... on level 3 of the Dungeon.
             The game lasted 00:02:11 (1778 turns).

AarnesTheHuman the Skirmisher (Gargoyle Fighter)    Turns: 1778, Time: 00:02:12

Health: -2/29      AC: 10    Str: 21    XL:     4   Next: 67%
Magic:  4/4        EV:  7    Int:  8    God:
Gold:   111        SH:  9    Dex:  9    Spells: 3/3 levels left

rFire    . . .     SeeInvis .   a - +0 long sword
rCold    . . .     Faith    .   c - +0 kite shield
rNeg     + . .     Spirit   .   b - +0 scale mail
rPois    ∞         Reflect  .   (no helmet)
rElec    +         Harm     .   (no cloak)
rCorr    .         Rampage  .   (no gloves)
Will     .....                  (no boots)
Stlth    ..........             (no amulet)
HPRegen  0.09/turn              (no ring)
MPRegen  0.09/turn              (no ring)

@: mighty, slowed, very slow
A: sickness immunity, AC +3, negative energy resistance 1, electricity
resistance, torment resistance 1, petrification resistance
a: no special abilities


You were on level 3 of the Dungeon.
You visited 1 branch of the dungeon, and saw 3 of its levels.

You collected 111 gold pieces.

Inventory:

Hand Weapons
 a - a +0 long sword (weapon)
 i - a +2 dagger of venom
 k - a +1 whip of holy wrath
Missiles
 h - 79 stones (quivered)
Armour
 b - a +0 scale mail (worn)
 c - a +0 kite shield (worn)
Scrolls
 e - a scroll of holy word {unknown}
 g - a scroll of identify {unknown}
 l - a scroll of amnesia {unknown}
 n - a scroll of blinking {unknown}
Potions
 f - a potion of mutation {unknown}
 j - a potion of cancellation {unknown}
 m - 2 potions of magic {unknown}


   Skills:
 + Level 4.1 Fighting
 + Level 2.6 Long Blades
 + Level 4.0 Armour
 + Level 4.0 Shields


You had 3 spell levels left.
You didn't know any spells.
Your spell library contained the following spells:

 Spells                   Type           Power      Damage    Failure   Level
 Summon Ice Beast         Ice/Summ       0%         N/A       100%        4
 Haunt                    Necr/Summ      0%         N/A       100%        7
 Dragon's Call            Summ           0%         N/A       100%        9


Dungeon Overview and Level Annotations

Branches:
Dungeon (3/15)

Altars:

Annotations:
D:3 Natasha


Innate Abilities, Weirdness & Mutations

You are immune to sickness and miasma.
Your stone body is resilient. (AC +3)
You are immune to poison.
You resist negative energy. (rN+)
You are resistant to electric shocks. (rElec)
You are resistant to unholy torment.
You are immune to petrification.


Message History

The orc hits you with a +0 flail. The orc barely misses you.
The orc hits you with a +0 flail.
* * * LOW HITPOINT WARNING * * *
You are too injured to fight recklessly!
You closely miss the orc.
The orc is severely wounded.
You block the orc's attack. x2; The orc barely misses you.
The orc closely misses you.
You riposte.
You closely miss the orc.
The orc is severely wounded.
There is an escape hatch in the floor here.
Natasha, Servant of Life and Death comes into view.
Natasha hisses angrily.
Natasha stares at you and mumbles some strange words.
You feel yourself slow down.
Natasha mumbles some strange words.
There is an open door here.
Natasha wildly gestures.
Natasha shimmers violently.
The crimson imp blinks!
You block Natasha's attack.
Natasha stares at you and mumbles some strange words.
The magic dart hits you.
* * * LOW HITPOINT WARNING * * *
Okay, then.
You feel very mighty all of a sudden.
Natasha stares at you and mumbles some strange words.
You resist with some effort. The orc barely misses you.
You riposte.
You closely miss the orc.
The orc is severely wounded.
Natasha claws you.
* * * LOW HITPOINT WARNING * * *
You closely miss Natasha. You block the orc's attack. x2
Natasha wildly gestures.
Natasha shimmers violently.
Natasha claws you but does no damage. The orc barely misses you.
You riposte.
You barely miss the orc.
The orc is lightly wounded.
The orc hits you but does no damage. The crimson imp barely misses you.
Natasha stares at you and mumbles some strange words.
You resist with some effort. The orc hits you with a +0 hand axe.
You die...

<...##............########
#.....÷............)....
....#.#÷#................#
# #.#.#...##.##..####..#
#......#...###.## #
#.###..#'#'###..# ..# #<#
#.......##..###..## ###
#..5....##...##....
#.@h....##.#÷##....
#.oo....##....#....
#####'########.#....
#.......>...........
#.........#.........
#.........#+##÷.....
####................
###..............
#..........#+##


You could see Natasha, a crimson imp (summoned) and 2 orcs.

Vanquished Creatures
  Natasha (D:3)
  2 adders (D:2)
  A worm (D:2)
  An orc (D:3)
  6 bats
  6 endoplasms
  A giant cockroach (D:1)
  9 goblins (D:2)
  3 hobgoblins (D:2)
  2 kobolds (D:1)
  3 quokkas
  6 ball pythons
  3 rats
44 creatures vanquished.

Notes
Turn   | Place    | Note
-------+----------+-------------------------------------------
     0 | D:1      | AarnesTheHuman the Gargoyle Fighter began the quest for the
                  | Orb.
     0 | D:1      | Reached XP level 1. HP: 14/14 MP: 1/1
   117 | D:1      | Reached XP level 2. HP: 13/19 MP: 2/2
   333 | D:1      | Got the Handbook of Calling
   705 | D:2      | Reached XP level 3. HP: 23/23 MP: 3/3
   810 | D:2      | Found a faded altar of an unknown god.
  1249 | D:2      | Reached XP level 4. HP: 27/29 MP: 4/4
  1565 | D:3      | Noticed Natasha
  1573 | D:3      | Killed Natasha
  1773 | D:3      | Noticed Natasha
  1778 | D:3      | Slain by an orc

Illustrated notes

Levels and vault maps discovered:
D:1:      dpeg_arrival_pond, layout_basic, chequers_serial_rivers_micro_c
D:2:      kennysheep_the_goblin_king, layout_loops_ring,
          ebering_ecumenical_altar_hall
D:3:      layout_basic, uniq_natasha

Skill      XL: |  1  2  3  4 |
---------------+-------------+-----
Long Blades    | 2 |  2.6
Fighting       | 4 |  4.1
Armour         | 4 |  4.0
Shields        | 4 |  4.0

Action                   |  1- 3 |  4- 6 || total
-------------------------+-------+-------++-------
Melee: Long sword        |   105 |    36 ||   141
  Use: Potion            |       |     1 ||     1
Armor: Scale mail        |    66 |    34 ||   100
Dodge: Dodged            |    29 |    23 ||    52
Block: Kite shield       |    59 |    31 ||    90
       Rpst.: Long sword |     9 |     8 ||    17
